Map: Abiogenesis LE

Players

Arsus

  • Race: Zerg Zerg
  • Spawn Location: 11:00

Kozzy - Winner!

  • Race: Protoss Protoss
  • League: Gold
  • Spawn Location: 5:00

VOD

Have the link to the VOD?

Description

Time

  • Played on: April 7, 2018, 1:08 p.m.
  • Length: 6:35
Show
View Real Time Build Order
Export as new Build Order

Arsus Zerg 

Build Orders: Hatch First 

Get SALT Encoding   

  12  0:01  Drone  
  13  0:08  Drone  
  14  0:17  Overlord  
  14  0:36  Drone  
  14  0:37  Drone x2  
  17  0:55  Hatchery  
  16  1:00  Drone  
  16  1:01  Drone  
  18  1:15  Spawning Pool  
  17  1:23  Extractor  
  16  1:27  Drone x2  
  18  1:40  Drone  
  19  1:49  Drone  
  20  2:03  Queen  
  20  2:07  Overlord x2  
  22  2:09  Zergling x2  
  23  2:25  Zergling x4  
  25  2:30  Zergling x4  
  25  2:33  Metabolic Boost  
  27  2:42  Queen  
  29  2:49  Zergling x6  
  32  3:00  Roach Warren  
  32  3:03  Extractor  
  32  3:05  Drone  
  31  3:06  Drone x2  
  33  3:15  Drone  
  33  3:16  Drone x2  
  33  3:40  Zergling x12  
  39  3:57  Roach  
  39  3:58  Roach  
  39  4:00  Overlord  
  39  4:01  Overlord  
  43  4:05  Lair  
  43  4:32  Hatchery  
  44  4:45  Roach  
  44  4:46  Roach x4  
  52  4:56  Drone x3  
  55  5:08  Glial Reconstitution  
  42  5:33  Roach x6  
  50  5:39  Overlord x2  
  50  5:50  Roach  
  50  5:51  Roach x2  
  56  6:03  Drone x2  
  56  6:04  Drone x2  
Show
View Real Time Build Order
Export as new Build Order

Kozzy Protoss - Winner!

Build Orders:  

Get SALT Encoding   

  12  0:01  Probe  
  13  0:13  Probe  
  14  0:22  Pylon  
  14  0:26  Probe  
  15  0:40  Probe (Chrono Boost), Gateway  
  17  0:51  Assimilator  
  17  0:52  Probe (Chrono Boost)  
  17  0:55  Assimilator  
  17  0:57  Probe (Chrono Boost)  
  18  1:08  Probe  
  19  1:20  Probe  
  20  1:29  Cybernetics Core  
  20  1:33  Pylon  
  20  1:38  Pylon  
  20  1:44  Zealot (Chrono Boost)  
  22  1:48  Probe  
  23  2:09  Robotics Facility  
  23  2:13  Pylon  
  23  2:22  Warp Gate  
  23  2:39  Gateway  
  23  2:41  Stalker  
  25  2:56  Immortal (Chrono Boost)  
  29  3:09  Pylon  
  31  3:27  Zealot (Chrono Boost)  
  31  3:31  Stalker (Chrono Boost)  
  33  3:47  Immortal (Chrono Boost)  
  37  3:49  Shield Battery  
  37  4:13  Gateway  
  37  4:15  Probe  
  38  4:24  Immortal (Chrono Boost)  
  38  4:29  Zealot  
  44  4:37  Zealot  
  46  4:57  Immortal  
  50  5:00  Zealot  
  50  5:31  Stalker x2  
  54  5:50  Pylon  
  54  5:55  Pylon  
  54  5:58  Pylon  
Tags
 
League
Gold
Matchup
PvZ
Spawn Locations
Cross Positions
Add a new tag
Caveats
  • Supply blocks, unpowered buildings, or Contaminate may cause inaccurate times.
  • Supply counts are checked every 10 seconds.